 Dungeon Crawl Stone Soup version 0.29-a0-22-gbf593b16ee (webtiles) character file.

Game seed: 1254462163463137541

2111 sanka the Ruffian (level 9, 0/72 (74) HPs)
             Began as a Gnoll Cinder Acolyte on Jan 29, 2022.
             Was a High Priest of Ignis.
             Succumbed to a kobold brigand's curare-tipped dart
             ... on level 6 of the Dungeon.
             The game lasted 00:09:52 (7666 turns).

sanka the Ruffian (Gnoll Cinder Acolyte)            Turns: 7666, Time: 00:09:52

HP:   0/72 (74)     AC: 11    Str: 20    XL:     9   Next: 28%
MP:   3/16          EV: 12    Int: 18    God:    Ignis [*****.]
Gold: 214           SH:  0    Dex:  7    Spells: 13/18 levels left

rFire   + . .      SeeInvis .     - Unarmed
rCold   . . .      Faith    .   (no shield)
rNeg    . . .      Spirit   .   o - +3 leather armour
rPois   .          Reflect  .   t - +0 helmet
rElec   +          Harm     .   b - +1 cloak
rCorr   .          Rampage  .   (no gloves)
Will    .....                   n - +0 pair of boots
Stlth   ++........              (no amulet)
HPRegen 0.22/turn               e - +6 ring of strength
MPRegen 0.15/turn               (no ring)

@: lethally poisoned (0 -> -6), slowed, lightly drained, very slow
A: fangs 1, strong nose, distributed training, electricity resistance,
devolution 1
a: Renounce Religion, Fiery Armour, Foxfire Swarm, Rising Flame


You were on level 6 of the Dungeon.
You worshipped Ignis.
Ignis was extremely pleased with you.
You visited 2 branches of the dungeon, and saw 8 of its levels.
You also visited: Sewer.

You collected 214 gold pieces.


Innate Abilities, Weirdness & Mutations

You have very sharp teeth.
Your uncanny sense of smell can sniff out nearby items.
Your experience applies equally to all skills.
You are resistant to electric shocks. (rElec)
You have hidden genetic defects.


   Skills:
 + Level 7.8 Fighting
 + Level 4.1 Short Blades
 + Level 4.1 Long Blades
 + Level 4.1 Axes
 + Level 4.1 Maces & Flails
 + Level 4.1 Polearms
 + Level 4.1 Staves
 + Level 4.1 Slings
 + Level 4.1 Bows
 + Level 4.1 Crossbows
 + Level 4.1 Throwing
 + Level 4.1 Armour
 + Level 4.1 Dodging
 + Level 4.1 Stealth
 + Level 4.1 Shields
 + Level 7.8 Unarmed Combat
 + Level 5.0 Spellcasting
 + Level 3.3 Conjurations
 + Level 3.3 Hexes
 + Level 3.3 Summonings
 + Level 3.3 Necromancy
 + Level 3.3 Translocations
 + Level 3.3 Transmutations
 + Level 6.5 Fire Magic
 + Level 3.3 Ice Magic
 + Level 3.3 Air Magic
 + Level 3.3 Earth Magic
 + Level 3.3 Poison Magic
 + Level 4.5 Invocations
 + Level 4.1 Evocations


You had 13 spell levels left.
You knew the following spells:

 Your Spells              Type           Power      Damage    Failure   Level
s - Swiftness             Air            16%        N/A       12%         3
y - Scorch                Fire           54%        2d8       1%          2

Your spell library contained the following spells:

 Spells                   Type           Power      Damage    Failure   Level
 Shock                    Conj/Air       64%        1d7       3%          1
 Tukima's Dance           Hex            16%        N/A       12%         3
 Airstrike                Air            8%         N/A       36%         4
 Passage of Golubria      Tloc           16%        N/A       36%         4
 Yara's Violent Unravell  Hex/Tmut       8%         3d5       71%         5

Inventory:

Hand Weapons
 c - a +0 short sword of draining
Armour
 b - a +1 cloak (worn)
 g - a +1 robe of cold resistance
 n - a +0 pair of boots (worn)
 o - a +3 leather armour (worn)
 t - a +0 helmet (worn)
Jewellery
 e - a +6 ring of strength (left hand)
Wands
 y - a wand of mindburst (6)
Scrolls
 d - 4 scrolls of identify {unknown}
 f - a scroll of immolation {unknown}
 l - 7 scrolls of teleportation {unknown}
 m - a scroll of torment {unknown}
 p - a scroll of amnesia {unknown}
 q - a scroll of enchant armour {unknown}
 r - a scroll of fog {unknown}
 s - a scroll of noise {unknown}
 v - a scroll of enchant weapon {unknown}
 w - a scroll of magic mapping {unknown}
 A - 2 scrolls of vulnerability {unknown}
Potions
 a - a potion of heal wounds {unknown}
 h - a potion of magic {unknown}
 i - 3 potions of cancellation {unknown}
 j - a potion of invisibility {unknown}
 k - 2 potions of haste {unknown}
 u - 2 potions of mutation {!q}
 x - 2 potions of ambrosia {unknown}
 z - a potion of lignification {unknown}

Dungeon Overview and Level Annotations

Branches:
Dungeon (7/15)             Temple (1/1) D:4           Sewer (visited)

Altars:
Ashenzari
Dithmenos
Elyvilon
Fedhas
Gozag
Hepliaklqana
Nemelex Xobeh
Okawaru
Qazlal
Ru
Trog
Uskayaw
Vehumet
Xom
Yredelemnul
The Shining One

Shops:
D:3

[ ...▒▒ ▒▒....▒▒
▒▒..▒▒▒▒. ..▒▒
▒▒....▒▒▒▒▒..▒▒▒.
..▒ ▒▒...........▒▒.
.▒▒ ▒▒..........▒▒.
▒▒ ▒▒.............▒
▒ ▒▒...........▒▒▒.
▒▒............▒ ▒.
▒5oo........▒▒▒▒▒.
▒▒g.K.5.......^8^..
▒▒.o5K........▒▒▒▒▒▒
▒ ▒▒..▒5.........▒
▒. ▒
▒▒..▒▒▒........▒▒ ▒.
▒ ▒▒..▒▒ ▒▒.....▒▒▒
▒. ▒▒ ▒▒..▒▒ ▒▒▒.▒▒▒
▒. .▒ ▒▒...▒ ▒▒▒ ▒.
.▒ ▒▒)..▒▒ ▒▒ .▒▒
▒▒▒...▒▒ ▒


You could see a kobold demonologist, an orc warrior, a kobold brigand, 2 iron
imps, 2 shadow imps and 2 orcs.


Message History

Unknown command.
You feel very sick.
The kobold demonologist closely misses you.
The kobold brigand throws a curare-tipped dart.
The curare-tipped dart hits you.
You are more poisoned.
You have difficulty breathing.
* * * LOW HITPOINT WARNING * * *
You feel yourself slow down.
The orc warrior hits you with a +0 short sword.
* * * LOW HITPOINT WARNING * * *
The orc barely misses you.
* * * LOW HITPOINT WARNING * * *
You feel very sick.
The kobold demonologist hits you but does no damage.
The kobold demonologist gestures wildly while chanting.
* * * LOW HITPOINT WARNING * * *
You feel very sick. The shadow imp gestures at you.
You struggle to resist.
The iron imp spits at you.
* * * LOW HITPOINT WARNING * * *
You feel sick.
The kobold brigand is no longer more vulnerable to fire.
The kobold demonologist mumbles some strange words.
It was a potion of mutation.
You feel extremely strange.
You feel insulated.
You feel a hidden malignance growing inside you.
You die...

Action                   |  1- 3 |  4- 6 |  7- 9 || total
-------------------------+-------+-------+-------++-------
Melee: Unarmed           |    67 |   155 |   110 ||   332
       Bite              |     3 |    20 |    10 ||    33
       Punch             |     1 |     6 |     6 ||    13
 Cast: Scorch            |    12 |    31 |   118 ||   161
  Use: Potion            |       |       |     1 ||     1
 Stab: Distracted        |       |     1 |       ||     1
       Sleeping          |       |       |     2 ||     2
Armor: Robe              |    19 |    46 |     4 ||    69
       Leather armour    |       |       |    79 ||    79
Dodge: Dodged            |    38 |    75 |   130 ||   243

Levels and vault maps discovered:
D:1:      scummos_arrival_gate, layout_loops_corners
D:2:      layout_loops_cross, serial_aquarium, aquarium_bridge_square
          [aquarium_subvault_wall, aquarium_subvault_wall,
          aquarium_subvault_wall, aquarium_subvault_bridge],
          aquarium_window_fake, aquarium_window_2, aquarium_view_2c, hex_medium,
          dk_noncrumbling_4, minmay_indecisive_spiral
D:3:      layout_basic, serial_shops, shop, ebering_ecumenical_altar_petrified,
          uniq_robin
D:4:      layout_rooms, nicolae_yredelemnul_corpse_copse, elyvilon_altar_3,
          minmay_temple_entry_ruins, gup_sewer_entry_pipe,
          minmay_misc_feat_pillars
D:5:      layout_basic, lemuel_round_altar
D:6:      layout_cave_pods, ebering_dispersal_statue_hall, uniq_sigmund
D:7:      layout_cave_pools, slow_altar_2, lemuel_mausoleum_altar_kikubaaqudgha,
          zin_scriptorium, pdpol_wu_jian_five_deadly_venoms,
          serial_column_ruins, column_ruins_hut_pillars, column_ruins_grid_3,
          column_ruins_columns_straight, column_ruins_open_medium,
          column_ruins_open_medium, column_ruins_open_tiny,
          column_ruins_corridor_straight, amcnicky_mini_pool_small
Temple:   oiseaux_autumnal_temple

Notes
Turn   | Place    | Note
-------+----------+-------------------------------------------
     0 | D:1      | sanka the Gnoll Cinder Acolyte began the quest for the Orb.
     0 | D:1      | Reached XP level 1. HP: 23/23 MP: 4/4
   208 | D:1      | Reached XP level 2. HP: 28/29 MP: 5/5
   254 | D:1      | Learned a level 2 spell: Scorch
   641 | D:1      | Reached XP level 3. HP: 26/35 MP: 1/7
  1320 | D:4      | Reached skill level 1 in Invocations
  1367 | D:4      | Found a staircase to the Ecumenical Temple.
  1376 | D:4      | Noticed a necrophage
  1377 | D:4      | Reached skill level 1 in Short Blades
  1377 | D:4      | Reached skill level 1 in Long Blades
  1377 | D:4      | Reached skill level 1 in Axes
  1377 | D:4      | Reached skill level 1 in Maces & Flails
  1377 | D:4      | Reached skill level 1 in Polearms
  1377 | D:4      | Reached skill level 1 in Staves
  1377 | D:4      | Reached skill level 1 in Slings
  1377 | D:4      | Reached skill level 1 in Bows
  1377 | D:4      | Reached skill level 1 in Crossbows
  1377 | D:4      | Reached skill level 1 in Throwing
  1377 | D:4      | Reached skill level 1 in Armour
  1377 | D:4      | Reached skill level 1 in Dodging
  1377 | D:4      | Reached skill level 1 in Stealth
  1377 | D:4      | Reached skill level 1 in Shields
  1377 | D:4      | Reached skill level 1 in Evocations
  1378 | Temple   | Entered the Ecumenical Temple
  1469 | D:4      | Killed a necrophage
  1470 | D:4      | Reached skill level 3 in Spellcasting
  1470 | D:4      | Reached skill level 1 in Conjurations
  1470 | D:4      | Reached skill level 1 in Hexes
  1470 | D:4      | Reached skill level 1 in Summonings
  1470 | D:4      | Reached skill level 1 in Necromancy
  1470 | D:4      | Reached skill level 1 in Translocations
  1470 | D:4      | Reached skill level 1 in Transmutations
  1470 | D:4      | Reached skill level 1 in Ice Magic
  1470 | D:4      | Reached skill level 1 in Air Magic
  1470 | D:4      | Reached skill level 1 in Earth Magic
  1470 | D:4      | Reached skill level 1 in Poison Magic
  1470 | D:4      | Reached XP level 4. HP: 20/41 MP: 1/8
  1470 | D:4      | Reached XP level 5. HP: 23/47 MP: 1/9
  1786 | D:4      | Found a basalt altar of Yredelemnul.
  1818 | D:4      | Reached skill level 2 in Invocations
  1818 | D:4      | Reached XP level 6. HP: 31/53 MP: 2/11
  1872 | D:4      | Found a glowing drain.
  1969 | Sewer    | Entered a sewer
  2130 | Sewer    | Reached skill level 2 in Short Blades
  2130 | Sewer    | Reached skill level 2 in Long Blades
  2130 | Sewer    | Reached skill level 2 in Axes
  2130 | Sewer    | Reached skill level 2 in Maces & Flails
  2130 | Sewer    | Reached skill level 2 in Polearms
  2130 | Sewer    | Reached skill level 2 in Staves
  2130 | Sewer    | Reached skill level 2 in Slings
  2130 | Sewer    | Reached skill level 2 in Bows
  2130 | Sewer    | Reached skill level 2 in Crossbows
  2130 | Sewer    | Reached skill level 2 in Throwing
  2130 | Sewer    | Reached skill level 2 in Armour
  2130 | Sewer    | Reached skill level 2 in Dodging
  2130 | Sewer    | Reached skill level 2 in Stealth
  2130 | Sewer    | Reached skill level 2 in Shields
  2130 | Sewer    | Reached skill level 2 in Evocations
  3043 | D:4      | Noticed a necrophage
  3068 | D:3      | Killed a necrophage
  3069 | D:3      | Reached XP level 7. HP: 55/59 MP: 3/12
  3139 | D:3      | Reached skill level 7 in Fighting
  3139 | D:3      | Reached skill level 7 in Unarmed Combat
  3188 | D:4      | Reached skill level 2 in Conjurations
  3188 | D:4      | Reached skill level 2 in Hexes
  3188 | D:4      | Reached skill level 2 in Summonings
  3188 | D:4      | Reached skill level 2 in Necromancy
  3188 | D:4      | Reached skill level 2 in Translocations
  3188 | D:4      | Reached skill level 2 in Transmutations
  3188 | D:4      | Reached skill level 2 in Ice Magic
  3188 | D:4      | Reached skill level 2 in Air Magic
  3188 | D:4      | Reached skill level 2 in Earth Magic
  3188 | D:4      | Reached skill level 2 in Poison Magic
  3393 | D:4      | Found a white marble altar of Elyvilon.
  3826 | D:3      | Found Qozymn Qeumn's Armour Shoppe.
  4184 | D:3      | Noticed Robin
  4214 | D:3      | Reached skill level 3 in Invocations
  4441 | D:3      | Killed Robin
  4549 | D:3      | Found a faded altar of an unknown god.
  4663 | D:3      | Reached skill level 4 in Spellcasting
  4981 | D:5      | Entered Level 5 of the Dungeon
  5116 | D:5      | Reached skill level 6 in Fire Magic
  5116 | D:5      | Reached XP level 8. HP: 67/67 MP: 2/14
  5189 | D:4      | Reached skill level 3 in Short Blades
  5189 | D:4      | Reached skill level 3 in Long Blades
  5189 | D:4      | Reached skill level 3 in Axes
  5189 | D:4      | Reached skill level 3 in Maces & Flails
  5189 | D:4      | Reached skill level 3 in Polearms
  5189 | D:4      | Reached skill level 3 in Staves
  5189 | D:4      | Reached skill level 3 in Slings
  5189 | D:4      | Reached skill level 3 in Bows
  5189 | D:4      | Reached skill level 3 in Crossbows
  5189 | D:4      | Reached skill level 3 in Throwing
  5189 | D:4      | Reached skill level 3 in Armour
  5189 | D:4      | Reached skill level 3 in Dodging
  5189 | D:4      | Reached skill level 3 in Stealth
  5189 | D:4      | Reached skill level 3 in Shields
  5189 | D:4      | Reached skill level 3 in Evocations
  5782 | D:5      | Found a sacrificial altar of Ru.
  6264 | D:6      | Noticed Sigmund
  6272 | D:6      | Killed Sigmund
  6427 | D:6      | Reached skill level 3 in Conjurations
  6427 | D:6      | Reached skill level 3 in Hexes
  6427 | D:6      | Reached skill level 3 in Summonings
  6427 | D:6      | Reached skill level 3 in Necromancy
  6427 | D:6      | Reached skill level 3 in Translocations
  6427 | D:6      | Reached skill level 3 in Transmutations
  6427 | D:6      | Reached skill level 3 in Ice Magic
  6427 | D:6      | Reached skill level 3 in Air Magic
  6427 | D:6      | Reached skill level 3 in Earth Magic
  6427 | D:6      | Reached skill level 3 in Poison Magic
  6427 | D:6      | Reached skill level 4 in Invocations
  6651 | D:6      | Reached XP level 9. HP: 61/73 MP: 16/16
  6943 | D:6      | Reached skill level 4 in Short Blades
  6943 | D:6      | Reached skill level 4 in Long Blades
  6943 | D:6      | Reached skill level 4 in Axes
  6943 | D:6      | Reached skill level 4 in Maces & Flails
  6943 | D:6      | Reached skill level 4 in Polearms
  6943 | D:6      | Reached skill level 4 in Staves
  6943 | D:6      | Reached skill level 4 in Slings
  6943 | D:6      | Reached skill level 4 in Bows
  6943 | D:6      | Reached skill level 4 in Crossbows
  6943 | D:6      | Reached skill level 4 in Throwing
  6943 | D:6      | Reached skill level 4 in Armour
  6943 | D:6      | Reached skill level 4 in Dodging
  6943 | D:6      | Reached skill level 4 in Stealth
  6943 | D:6      | Reached skill level 4 in Shields
  6943 | D:6      | Reached skill level 4 in Evocations
  7091 | D:6      | Learned a level 3 spell: Swiftness
  7197 | D:6      | Reached skill level 5 in Spellcasting
  7644 | D:7      | Noticed a kobold demonologist
  7652 | D:6      | Noticed an orange demon
  7663 | D:6      | HP: 7/72 [poisoned by a kobold brigand (curare-tipped
                  | dart)]
  7664 | D:6      | HP: 3/72 [poisoned by a kobold brigand (curare-tipped
                  | dart)]
  7665 | D:6      | HP: 1/72 [poisoned by a kobold brigand (curare-tipped
                  | dart)]
  7666 | D:6      | Gained mutation: You are resistant to electric shocks.
                  | (rElec) [potion of mutation]
  7666 | D:6      | Gained mutation: You have hidden genetic defects. [potion
                  | of mutation]
  7666 | D:6      | Succumbed to a kobold brigand's curare-tipped dart

Vanquished Creatures
  Sigmund (D:6)
  2 ice beasts (D:6)
  2 necrophages
  3 ogres
  A centaur (D:6)
  2 phantoms
  5 scorpions
  A wyvern skeleton (D:6)
  A water moccasin zombie (D:4)
  A howler monkey (D:5)
  A hound (D:6)
  A bullfrog skeleton (D:6)
  A jelly (D:6)
  2 gnoll shamans
  3 scorpion zombies
  An orc wizard (D:6)
  A hound zombie (D:4)
  Robin (D:3)
  12 gnolls
  12 adders
  3 river rats (Sewer)
  A white imp (D:6)
  2 ufetubi
  A dart slug (D:4)
  13 orcs
  2 bats
  An endoplasm (D:3)
  5 giant cockroaches
  18 goblins
  9 hobgoblins
  18 jackals
  11 quokkas
  4 ball pythons
  5 frilled lizards
  9 kobolds
  10 rats
166 creatures vanquished.

Vanquished Creatures (others)
  12 plants (Sewer)
12 creatures vanquished.

Grand Total: 178 creatures vanquished
